 Dungeon Crawl Stone Soup version 0.30-a0-6-g7c9e10e132 (webtiles) character file.

Game seed: 11155320941352513950

5878 nickcage the Severer (level 10, -4/74 HPs)
             Began as a Minotaur Gladiator on Aug 18, 2022.
             Was an Elder of Qazlal.
             Slain by a death yak (11 damage)
             ... on level 8 of the Dungeon on Aug 22, 2022.
             The game lasted 00:20:30 (5813 turns).

nickcage the Severer (Minotaur Gladiator)           Turns: 5813, Time: 00:20:31

Health: -4/74      AC: 13    Str: 23    XL:     10   Next: 52%
Magic:  9/9        EV:  7    Int:  5    God:    Qazlal [****..]
Gold:   168        SH:  5    Dex: 18    Spells: 9/9 levels left

rFire   . . .      SeeInvis .    s - +0 battleaxe
rCold   . . .      Faith    .    (shield currently unavailable)
rNeg    . . .      Spirit   .    m - +1 plate armour
rPois   +          Reflect  .    c - +0 hat
rElec   .          Harm     .    C - +0 cloak
rCorr   .          Rampage  .    j - +0 pair of gloves
Will    .....                    (no boots)
Stlth   ..........               f - amulet of regeneration
HPRegen 1.02/turn                z - ring of poison resistance
MPRegen 0.11/turn                E - +6 ring of dexterity

@: repel missiles
A: horns 2, retaliatory headbutt
a: Renounce Religion, Upheaval, Elemental Force


You were on level 8 of the Dungeon.
You worshipped Qazlal.
Qazlal was greatly pleased with you.
You visited 1 branch of the dungeon, and saw 8 of its levels.
You also visited: Bailey.

You collected 239 gold pieces.
You spent 71 gold pieces at shops.

Inventory:

Hand Weapons
 a - a +1 war axe
 s - a +0 battleaxe (weapon)
Missiles
 d - 5 throwing nets
 e - 9 poisoned darts (quivered)
 k - 5 javelins
Armour
 b - a +0 leather armour
 c - a +0 hat (worn)
 g - a +0 ring mail
 j - a +0 pair of gloves (worn)
 m - a +1 plate armour (worn)
 w - a +0 buckler
 C - a +0 cloak (worn)
Jewellery
 f - an amulet of regeneration (around neck)
 z - a ring of poison resistance (left hand)
 E - a +6 ring of dexterity (right hand)
Wands
 t - a wand of flame (41)
 y - a wand of iceblast (8)
Scrolls
 l - 3 scrolls of fear
 o - a scroll of poison
 p - 2 scrolls of teleportation
 r - a scroll of blinking
 x - a scroll of immolation
Potions
 h - a potion of cancellation
 i - a potion of lignification
 n - a potion of degeneration
 q - a potion of resistance
 u - a potion of flight
 v - 6 potions of mutation
 A - 4 potions of curing {unknown}
 D - a potion of brilliance {unknown}
 G - a potion of haste {unknown}
 H - a potion of heal wounds {unknown}


   Skills:
 + Level 2.6 Fighting
 + Level 18.5 Axes
 - Level 2.0 Throwing
 - Level 3.2 Dodging
 - Level 1.0 Shields


You had 9 spell levels left.
You didn't know any spells.
Your spell library contained the following spells:

 Spells                   Type           Power      Damage    Failure   Level
 Blink                    Tloc           0%         N/A       100%        2
 Gell's Gravitas          Tloc           0%         N/A       100%        3
 Teleport Other           Tloc           0%         N/A       100%        3
 Cause Fear               Hex            0%         N/A       100%        4
 Manifold Assault         Tloc           0%         N/A       100%        5
 Dispersal                Tloc           0%         N/A       100%        6
 Dragon Form              Tmut           0%         N/A       100%        7
 Storm Form               Tmut/Air       0%         N/A       100%        7
 Dragon's Call            Summ           0%         N/A       100%        9


Dungeon Overview and Level Annotations

Branches:
Dungeon (8/15)             Temple (0/1) D:5            Lair (0/5) D:8
 Bailey (visited)

Altars:
Dithmenos
Gozag
Okawaru
Qazlal
Ru
Sif Muna
Vehumet
Yredelemnul

Shops:
D:1 *   D:4 *   D:8 (


Innate Abilities, Weirdness & Mutations

You have a pair of horns on your head.
You reflexively headbutt those who attack you in melee.


Message History

The hell rat moves out of view.
You barely miss the river rat.
You hear a bellow!
The death yak attacks as you move away! You block the death yak's attack.
The death yak attacks as you move away!
The death yak gores you but does no damage.
The death yak snorts and paws the ground.
The death yak attacks as you move away! The death yak gores you!
The death yak is engulfed in freezing vapours.
You barely miss the death yak. You slice the death yak!!
The death yak is moderately wounded.
The death yak gores you!
You barely miss the death yak.
The death yak is moderately wounded.
The death yak gores you!!
You slash the death yak!
The death yak is heavily wounded.
The death yak snorts and paws the ground.
The death yak barely misses you.
You hit the death yak but do no damage. You headbutt the death yak.
The death yak is heavily wounded.
You hit the death yak.
The death yak is severely wounded.
The death yak completely misses you. You furiously retaliate!
You headbutt the death yak! You hit the death yak but do no damage.
You headbutt the death yak.
The death yak is severely wounded.
A bullfrog comes into view.
The death yak gores you!!
You hit the death yak.
You headbutt the death yak, but do no damage.
The death yak is severely wounded.
You block the death yak's attack.
You barely miss the death yak.
The death yak is severely wounded.
The death yak gores you!!
* * * LOW HITPOINT WARNING * * *
The death yak attacks as you move away! The death yak gores you!
You die...

.........#..# #.#
.........#..# #.#
##########..# #.#
#..# #.# #rr###.##
#rrY.#..##
##.#.....# #Y###...#
#@# ##.># #.# ##.#
#.# #.#
.###############.###
#.#
......††...........#
#.#
......<......###.#.#
#.#
#####...###......#.#
#.#
#8.∩.8##.###..#.#
#.# ##...#####
#..#.# #.#


You could see 2 death yaks, 2 hell rats and 2 river rats.

Vanquished Creatures
  A vault guard (Bailey)
  Grinder (D:4)
  Prince Ribbit (Bailey)
  Sigmund (D:6)
  6 humans (Bailey)
  Eustachio (D:6)
  A steam dragon (D:5)
  Menkaure (D:6)
  Edmund (D:6)
  A water moccasin (D:7)
  3 orc warriors
  An ice beast (D:7)
  2 black bears
  An ogre (D:5)
  A centaur (D:7)
  A phantom (D:6)
  10 bullfrogs
  2 necrophages (D:6)
  A gnoll sergeant (D:6)
  3 scorpions (D:6)
  A wight (D:6)
  5 killer bees
  A howler monkey (D:5)
  2 jellies
  3 bullfrog zombies (D:6)
  A centaur zombie (D:6)
  6 hounds
  A human zombie (D:6)
  Crazy Yiuf (D:6)
  5 orc priests
  6 iguanas
  4 orc wizards
  A killer bee zombie (D:6)
  A howler monkey zombie (D:6)
  2 mummies (D:6)
  9 adders
  9 gnolls
  A shadow imp (D:5)
  3 ufetubi
  A worm (D:2)
  4 dart slugs
  19 orcs
  4 ball pythons
  7 bats
  8 endoplasms
  8 giant cockroaches
  7 goblins
  9 hobgoblins
  10 kobolds
  4 quokkas
  5 rats
  A spectral kobold (D:1)
189 creatures vanquished.

Vanquished Creatures (others)
  4 plants
4 creatures vanquished.

Grand Total: 193 creatures vanquished

Notes
Turn   | Place    | Note
-------+----------+-------------------------------------------
     0 | D:1      | nickcage the Minotaur Gladiator began the quest for the
                  | Orb.
     0 | D:1      | Reached XP level 1. HP: 18/18 MP: 0/0
     0 | D:1      | Upgraded the game from 0.29-a0-1065-g47a6bb87d6 to
                  | 0.30-a0-6-g7c9e10e132
   111 | D:1      | Reached skill level 4 in Axes
   123 | D:1      | Reached XP level 2. HP: 20/25 MP: 1/1
   271 | D:1      | Found a faded altar of an unknown god.
   380 | D:1      | Reached skill level 5 in Axes
   383 | D:1      | Reached XP level 3. HP: 30/30 MP: 2/2
   472 | D:1      | Found Satoini's General Store.
   846 | D:2      | Found a stormy altar of Qazlal.
   853 | D:2      | Became a worshipper of Qazlal Stormbringer
   976 | D:2      | Reached XP level 4. HP: 37/37 MP: 3/3
   990 | D:2      | Reached skill level 6 in Axes
  1515 | D:3      | Reached * piety under Qazlal
  1536 | D:3      | Reached skill level 7 in Axes
  1536 | D:3      | Reached XP level 5. HP: 33/42 MP: 4/4
  1820 | D:3      | Found a shimmering blue altar of Sif Muna.
  1887 | D:3      | Reached skill level 8 in Axes
  2112 | D:4      | Reached XP level 6. HP: 49/50 MP: 5/5
  2140 | D:4      | Found Budarhy's Bounteous Boutique.
  2150 | D:4      | Bought a +0 battleaxe for 71 gold pieces
  2225 | D:4      | Found an iron altar of Okawaru.
  2229 | D:4      | Noticed Grinder
  2238 | D:4      | Killed Grinder
  2239 | D:4      | Reached skill level 9 in Axes
  2243 | D:4      | Reached XP level 7. HP: 38/56 MP: 6/6
  2419 | D:4      | Found a sacrificial altar of Ru.
  2474 | D:4      | Reached skill level 10 in Axes
  2636 | D:5      | Entered Level 5 of the Dungeon
  2654 | D:5      | Reached ** piety under Qazlal
  2696 | D:5      | Reached skill level 11 in Axes
  2963 | D:5      | Found a staircase to the Ecumenical Temple.
  3010 | D:5      | Reached XP level 8. HP: 58/62 MP: 7/7
  3170 | D:5      | Reached skill level 12 in Axes
  3591 | D:5      | Found a radiant altar of Vehumet.
  3733 | D:6      | Reached skill level 13 in Axes
  3807 | D:6      | Noticed Menkaure
  3816 | D:6      | Killed Menkaure
  3817 | D:6      | Reached skill level 1 in Shields
  3870 | D:6      | Noticed Eustachio
  3894 | D:6      | Killed Eustachio
  4041 | D:6      | Noticed Sigmund
  4046 | D:6      | Reached skill level 14 in Axes
  4064 | D:6      | Killed Sigmund
  4065 | D:6      | Reached XP level 9. HP: 37/68 MP: 8/8
  4100 | D:6      | Noticed Edmund
  4115 | D:6      | Killed Edmund
  4160 | D:6      | Reached *** piety under Qazlal
  4161 | D:6      | Found an opulent altar of Gozag.
  4218 | D:6      | Found a shadowy altar of Dithmenos.
  4281 | D:6      | Reached skill level 15 in Axes
  4345 | D:6      | Found a basalt altar of Yredelemnul.
  4524 | D:6      | Found a runed translucent door.
  4525 | D:6      | Noticed Crazy Yiuf
  4592 | D:6      | Killed Crazy Yiuf
  4624 | D:7      | Found a flagged portal.
  4639 | Bailey   | Entered a bailey
  4663 | Bailey   | Reached skill level 16 in Axes
  4757 | Bailey   | Noticed Prince Ribbit
  4757 | Bailey   | Noticed a vault guard
  4790 | Bailey   | Killed Prince Ribbit
  4791 | Bailey   | Reached skill level 17 in Axes
  4791 | Bailey   | Reached XP level 10. HP: 70/74 MP: 9/9
  4905 | Bailey   | Killed a vault guard
  4982 | Bailey   | Noticed a vault guard
  5018 | D:7      | Identified the +0 barding of Zophatut {+Blink MP+9 Int+2}
  5102 | D:7      | Reached skill level 18 in Axes
  5688 | D:8      | Noticed a death yak
  5688 | D:8      | Noticed a death yak
  5688 | D:8      | Noticed a death yak
  5688 | D:8      | Found a staircase to the Lair.
  5709 | D:8      | Found Ycwub's Weapon Boutique.
  5720 | D:7      | Reached **** piety under Qazlal
  5813 | D:8      | Slain by a death yak

Illustrated notes

Levels and vault maps discovered:
D:1:      erik_arrival_cave_to_civilisation [erik_arrival_cave_to_hall],
          layout_rooms, dreamdust_ecumenical_altar_drowned_temple, serial_shops,
          nicolae_shop_statue_plus, minmay_misc_feat_ornament,
          amcnicky_mini_corridor_feature, minmay_surrounded
D:2:      layout_basic, basic_altar
D:3:      layout_loops_cross, led_sif_book
D:4:      layout_rooms, lemuel_coloured_pillars_altar, lemuel_doored_altar,
          grunt_ministairs_13, nicolae_alphabet_shops,
          eino_small_chamber_without_monster, serial_bayou_crossing,
          uniq_grinder
D:5:      layout_gridville, marbit_many_paths, temple_pool_b, patterned_corridor
D:6:      layout_cave_pools, lemuel_mausoleum_altar_yredelemnul,
          mainiacjoe_overflow_divided_tiny, sigmund_edmund_badplayer,
          uniq_menkaure, uniq_crazy_yiuf_cottage, uniq_eustachio
D:7:      layout_basic, enter_bailey_6
D:8:      layout_basic, dpeg_lair_monsters, nicolae_stop_n_shop_2,
          nicolae_shop_clearance, uniq_maurice, uniq_prince_ribbit1, uniq_maggie

Skill      XL: |  1  2  3  4  5  6  7  8  9 10 |
---------------+-------------------------------+-----
Axes           | 4 5 7 8 9 11 14 17 18 | 18.5
Shields        | 1 |  1.0
Fighting       | |  2.6
Throwing       | |  2.0
Dodging        | |  3.2

Action                   |  1- 3 |  4- 6 |  7- 9 | 10-12 || total
-------------------------+-------+-------+-------+-------++-------
Melee: War axe           |    87 |    78 |       |       ||   165
       Headbutt          |     8 |    12 |    43 |    13 ||    76
       Battleaxe         |       |    16 |   267 |    84 ||   367
Throw: Javelin           |     1 |       |       |       ||     1
       Dart              |       |       |     2 |    13 ||    15
  Use: Scroll            |       |     8 |     6 |     2 ||    16
Armor: Leather armour    |     4 |       |       |       ||     4
       Ring mail         |    16 |       |       |       ||    16
       Plate armour      |    35 |    59 |   141 |    35 ||   270
Dodge: Dodged            |    43 |    24 |    87 |    30 ||   184
Block: Other             |       |     1 |    33 |    18 ||    52

Table legend: (Time is in decaauts)
 A = Elapsed time spent in this place.
 B = Non-inter-level travel time spent in this place.
 C = Inter-level travel time spent in this place.
 D = Time resting spent in this place.
 E = Time spent auto-exploring this place.
 F = Levels seen in this place.
 G = Mean time per level.
                   A        B        C        D        E       F      G
               +--------+--------+--------+--------+--------+-----+--------+
         Total |   5850 |   5671 |    179 |    226 |   4108 |   9 |  650.0 |
       Dungeon |   5498 |   5319 |    179 |    150 |   4029 |   8 |  687.2 |
        Bailey |    351 |    351 |      0 |     76 |     79 |   1 |  351.0 |
               +--------+--------+--------+--------+--------+-----+--------+

Top non-repeatable levels by time:
     D:5: 1038 daAuts
     D:6: 952 daAuts
     D:1: 862 daAuts
     D:7: 728 daAuts
     D:3: 656 daAuts
     D:2: 611 daAuts
     D:4: 559 daAuts
  Bailey: 351 daAuts
     D:8: 89 daAuts
